 Dungeon Crawl Stone Soup version 0.26-a0-753-g4680b4fa2e (webtiles) character file.

Game seed: 12872355738530562698

7 Forecaster the Vexing (level 1, 0/9 HPs)
             Began as a Spriggan Arcane Marksman on Nov 7, 2020.
             Slain by a jackal (1 damage)
             ... on level 1 of the Dungeon.
             The game lasted 00:02:01 (182 turns).

Forecaster the Vexing (Spriggan Arcane Marksman)     Turns: 182, Time: 00:02:02

Health: 0/9        AC:  2    Str:  6    XL:     1   Next: 83%
Magic:  3/3        EV: 18    Int: 14    God:
Gold:   0          SH:  0    Dex: 16    Spells: 1/2 levels left

rFire    . . .     SeeInvis +   a - +0 shortbow
rCold    . . .     Faith    .   (shield currently unavailable)
rNeg     . . .     Spirit   .   e - +0 robe
rPois    .         Reflect  .   (helmet restricted)
rElec    .         Harm     .   (no cloak)
rCorr    .         Rampage  .   (gloves unavailable)
MR       .....                  (boots unavailable)
Stlth    +.........             (no amulet)
HPRegen  0.03/turn              (no ring)
MPRegen  0.08/turn              (no ring)

@: very quick
A: very small, unfitting armour, see invisible, speed 3
a: no special abilities


You were on level 1 of the Dungeon.
You visited 1 branch of the dungeon, and saw 1 of its levels.

Inventory:

Hand Weapons
 a - a +0 shortbow (weapon)
Missiles
 d - 5 arrows (quivered)
Armour
 e - a +0 robe (worn)
Potions
 b - 2 potions of curing {unknown}


   Skills:
 + Level 0.7 Fighting
 + Level 2.6 Bows
 + Level 3.0 Dodging
 + Level 1.3 Spellcasting
 + Level 4.0 Hexes


You had one spell level left.
You knew the following spells:

 Your Spells              Type           Power        Failure   Level
a - Corona                Hex            ##.....      4%          1

Your spell library contained the following spells:

 Spells                   Type           Power        Failure   Level
 Slow                     Hex            ##......     8%          2
 Inner Flame              Hex/Fire       #.......     32%         3
 Portal Projectile        Hex/Tloc       #.....       32%         3
 Cause Fear               Hex            ##........   43%         4
 Leda's Liquefaction      Hex/Erth       #.........   73%         4


Dungeon Overview and Level Annotations

Branches:
Dungeon (1/15)

Altars:


Innate Abilities, Weirdness & Mutations

You are very small and have problems with some larger weapons.
You are too small for most types of armour.
You have supernaturally acute eyesight. (SInv)
You cover ground extremely quickly.


Message History

The jackal barely misses you.
The jackal bites you but does no damage.
Firing (i - inventory)
d - 8 arrows (quivered)
Press: ? - help, Shift-Dir - straight line, f/p - jackal
Aim: a jackal (lightly wounded)
You shoot an arrow. The arrow barely misses the jackal.
The jackal completely misses you.
Firing (i - inventory)
d - 7 arrows (quivered)
Press: ? - help, Shift-Dir - straight line, f/p - jackal
Aim: a jackal You shoot an arrow.
The arrow hits the jackal.
The jackal is moderately wounded.
The jackal bites you.
* * * LOW HITPOINT WARNING * * *
The jackal barely misses you.
Firing (i - inventory)
d - 6 arrows (quivered)
Press: ? - help, Shift-Dir - straight line, f/p - jackal
Aim: a jackal (moderately wounded)
You shoot an arrow. The arrow barely misses the jackal.
The jackal bites you.
You die...

#.#.#.# ..
#(#h#.# #.#
#.#.#.# #.#
#.#.#.# #####.#
#.#.#.# #.....#
#.#.#.#h# #.....#
#.#.#.#.#
#.....###
#.#†#.#.# #...@.#
#.#.#.#.# #.#h###
#.#(#.#.# #.#
#.#.#...#
#.#####.#(######
#.(.....(...(.(..
#########((.#..#.
#...# # ....#
....#


You could see a jackal.

Vanquished Creatures
  A leopard gecko (D:1)
  A hobgoblin (D:1)
  2 jackals (D:1)
  A bat (D:1)
5 creatures vanquished.

Notes
Turn   | Place    | Note
-------+----------+-------------------------------------------
     0 | D:1      | Forecaster the Spriggan Arcane Marksman began the quest for
                  | the Orb.
     0 | D:1      | Reached XP level 1. HP: 9/9 MP: 3/3
    37 | D:1      | Reached skill level 4 in Hexes
   182 | D:1      | Slain by a jackal

Illustrated notes

Levels and vault maps discovered:
D:1:      wheals_arrival_linesprint, layout_basic

Skill      XL: |  1 |
---------------+----+-----
Hexes          | 4 |  4.0
Fighting       | |  0.7
Bows           | |  2.6
Dodging        | |  3.0
Spellcasting   | |  1.3

Action                   || total
-------------------------++-------
Melee: Shortbow          ||    17
 Fire: Shortbow          ||    29
Armor: Robe              ||     3
Dodge: Dodged            ||    72

Table legend: (Time is in decaauts)
 A = Elapsed time spent in this place.
 B = Non-inter-level travel time spent in this place.
 C = Inter-level travel time spent in this place.
 D = Time resting spent in this place.
 E = Time spent auto-exploring this place.
 F = Levels seen in this place.
 G = Mean time per level.
                   A        B        C        D        E       F      G
               +--------+--------+--------+--------+--------+-----+--------+
         Total |    144 |    144 |      0 |      0 |     13 |   1 |  144.0 |
       Dungeon |    144 |    144 |      0 |      0 |     13 |   1 |  144.0 |
               +--------+--------+--------+--------+--------+-----+--------+

Top non-repeatable levels by time:
     D:1: 144 daAuts
